 Dungeon Crawl Stone Soup version 0.29.1-1-gd02db6906a (console) character file.

Game seed: 1027982573573900276

3 sentinel the Digger (level 1, 0/14 HPs)
             Began as a Meteoran Earth Elementalist on Sept 30, 2022.
             Constricted to death by a ball python (1 damage)
             ... on level 1 of the Dungeon.
             The game lasted 00:00:01 (32 turns).

sentinel the Digger (Meteoran Earth Elementalist)     Turns: 32, Time: 00:00:01

Health: 0/14       AC:  2    Str:  9    XL:     1   Next: 71%
Magic:  1/5        EV:  9    Int: 16    God:
Gold:   0          SH:  0    Dex: 14    Spells: 4/5 levels left

rFire   . . .      SeeInvis .   (no weapon)
rCold   . . .      Faith    .   (no shield)
rNeg    . . .      Spirit   .   a - +0 robe
rPois   .          Reflect  .   (no helmet)
rElec   .          Harm     .   (no cloak)
rCorr   .          Rampage  .   (no gloves)
Will    .....                   (no boots)
Stlth   +.........              (no amulet)
HPRegen 0.04/turn               (no ring)
MPRegen 0.09/turn               (no ring)

@: glowing, constricted
A: sense surroundings 1, otherworldly, glowing, explore regen
a: no special abilities


You were on level 1 of the Dungeon.
You visited 1 branch of the dungeon, and saw 1 of its levels.

Inventory:

Armour
 a - a +0 robe (worn)
Scrolls
 d - a scroll of magic mapping {unknown}
Potions
 b - a potion of magic
 c - a potion of brilliance {unknown}


   Skills:
 - Level 2.4 Dodging
 - Level 1.4 Stealth
 - Level 2.6 Spellcasting
 - Level 1.2 Transmutations
 + Level 3.9 Earth Magic


You had 4 spell levels left.
You knew the following spells:

 Your Spells              Type           Power      Damage    Failure   Level
a - Sandblast             Erth           28%        2d8       3%          1

Your spell library contained the following spells:

 Spells                   Type           Power      Damage    Failure   Level
 Passwall                 Tmut/Erth      8%         N/A       10%         2
 Stone Arrow              Conj/Erth      16%        3d8       26%         3
 Petrify                  Tmut/Erth      10%        N/A       54%         4


Dungeon Overview and Level Annotations

Branches:
Dungeon (1/15) Zot: 565

Altars:


Innate Abilities, Weirdness & Mutations

You passively map a small area around you.
You are easily found by Zot.
You glow in the dark.
You regain HP and MP as you explore.


Message History

Welcome, sentinel the Meteoran Earth Elementalist.
The heart of this dungeon contains the glorious artefact, the Orb of Zot.
Press ? for a list of commands and other information.
Found a white potion.
Found two stairs.
Unknown command.
Unknown command.
Unknown command.
Found 6 stones.
Unknown command.
c - a white potion Unknown command.
d - a scroll labelled YDIAPL KUYSA Unknown command.
A dart slug comes into view.
Found 8 gold pieces.
Unknown command.
But you're not safe!
Unknown command.
A ball python comes into view.
Found a short sword.
A ball python comes into view.
The ball python hisses angrily.
The blast of sand hits the dart slug.
The dart slug is heavily wounded.
The ball python hisses angrily.
Unknown command.
The blast of sand hits the dart slug!
You kill the dart slug!
The ball python closely misses you. The ball python barely misses you.
The ball python bites you. The ball python misses you.
Unknown command.
The blast of sand misses the ball python.
The ball python bites you. The ball python barely misses you.
The ball python bites you. The ball python grabs you.
The ball python constricts you. The ball python barely misses you.
The ball python bites you. The ball python constricts you.
Unknown command.
The blast of sand hits the ball python!
You kill the ball python!
The ball python closely misses you. The ball python grabs you.
The ball python constricts you. The ball python bites you.
The ball python constricts you.
Unknown command.
You hit the ball python.
The ball python is heavily wounded.
The ball python bites you but does no damage.
The ball python constricts you.
You completely miss the ball python.
The ball python is heavily wounded.
The ball python bites you.
* * * LOW HITPOINT WARNING * * *
The ball python constricts you.
You die...

, , * ###..... #### *
......###.... ,
............ ,
.......$... * ,,.)......
, * * #.##.†...###. * ,
#....S†......
..######@####### * ,
................ , *
######.########.###.....
#.# #.........#.
#######.#### #...≈≈≈≈≈≈~≈
#..........###.#≈≈≈≈≈≈~≈≈
...####.##.#...≈≈≈≈≈≈≈~≈≈
*
........##.#.#≈≈≈8≈≈≈≈≈~≈
,
......####.#.#≈≈≈≈≈≈≈≈≈≈~


You could see a ball python.

Vanquished Creatures
  A dart slug (D:1)
  A ball python (D:1)
2 creatures vanquished.

Notes
Turn   | Place    | Note
-------+----------+-------------------------------------------
     0 | D:1      | sentinel the Meteoran Earth Elementalist began the quest
                  | for the Orb.
     0 | D:1      | Reached XP level 1. HP: 14/14 MP: 5/5
    32 | D:1      | Constricted to death by a ball python

Illustrated notes

Levels and vault maps discovered:
D:1:      nzn_arrival_water_spiral, layout_basic,
          hellmonk_ecumenical_altar_slurped_away, minmay_misc_feat_more_columns

Action                   || total
-------------------------++-------
Melee: Unarmed           ||     2
 Cast: Sandblast         ||     4
Armor: Robe              ||     1
Dodge: Dodged            ||     6
